 Dungeon Sprint DCSS version 0.28.0-43-g3370ac3207 (webtiles) character file.

Game seed: 16632846116647393426

12893 boopmooplesden the Executioner (level 11, -34/123 HPs)
             Began as a Minotaur Berserker on Mar 8, 2022.
             Was the Champion of Trog.
             Killed from afar by a frost giant (48 damage)
             ... with a bolt of cold
             ... in the Dungeon (Sprint II: "The Violet Keep of Menkaure").
             The game lasted 00:07:10 (2348 turns).

boopmooplesden the Executioner (Minotaur Berserker) Turns: 2348, Time: 00:07:11

Health: -34/123    AC: 22    Str: 25    XL:     11   Next: 68%
Magic:  3/3        EV: 11    Int: 10    God:    Trog [******]
Gold:   865        SH:  0    Dex:  9    Spells: 10/10 levels left

rFire   + + .      SeeInvis +   l - +3 executioner's axe (antimagic)
rCold   x . .      Faith    .   (shield currently unavailable)
rNeg    + . .      Spirit   .   j - +6 chain mail "Gifroith" {+Inv Int+6}
rPois   .          Reflect  .   (helmet restricted)
rElec   +          Harm     .   (no cloak)
rCorr   +          Rampage  .   k - +1 pair of gloves
Will    .....      NoTele   +   (no boots)
Stlth   ..........              (no amulet)
HPRegen 0.30/turn               s - ring of the Devouring Hero {Fire rN+ Will- rCorr Stlth+}
MPRegen 0.08/turn               u - ring "Hazxar" {rElec rF+ Dex-2 SInv Stlth+}

@: on berserk cooldown, slowed, very slow
A: horns 2, retaliatory headbutt, screaming 1
a: Renounce Religion, Evoke Invisibility, Berserk, Trog's Hand, Brothers in Arms


You were in the Dungeon.
You worshipped Trog.
Trog was exalted by your worship.
You visited 1 branch You collected 2308 gold pieces.
You spent 1443 gold pieces at shops.

Inventory:

Hand Weapons
 a - a +0 hand axe
 i - a +1 vorpal hand axe
 l - a +3 antimagic executioner's axe (weapon)
 E - a +1 bardiche of flaming
Armour
 b - a +0 animal skin
 j - the +6 chain mail "Gifroith" (worn) {+Inv Int+6}
   (You bought it in a shop in the Dungeon)

   Int:       It affects your intelligence (+6).
   +Inv:      It lets you turn invisible.
 k - a +1 pair of gloves (worn)
 v - a +0 pair of gloves
Jewellery
 s - the ring of the Devouring Hero (left hand) {Fire rN+ Will- rCorr Stlth+}
   (You bought it in a shop in the Dungeon)

   [ring of fire]

   It enhances your fire magic.
   rF:        It protects you from fire.
   rC:        It makes you vulnerable to cold.
   rN:        It protects you from negative energy.
   rCorr:     It protects you from acid and corrosion.
   Will:      It decreases your willpower.
   Stlth:     It makes you more stealthy.
 u - the ring "Hazxar" (right hand) {rElec rF+ Dex-2 SInv Stlth+}
   (You bought it in a shop in the Dungeon)

   [ring of protection from fire]

   Dex:       It affects your dexterity (-2).
   rF:        It protects you from fire.
   rElec:     It insulates you from electricity.
   SInv:      It lets you see invisible.
   Stlth:     It makes you more stealthy.
 C - a ring of magical power
 D - a ring of poison resistance
Scrolls
 h - a scroll of blinking
 m - a scroll of amnesia
 n - a scroll of fog
 q - a scroll of vulnerability
 w - a scroll of torment {unknown}
 y - a scroll of immolation {unknown}
 A - 2 scrolls of identify
Potions
 c - 2 potions of curing
 e - 2 potions of haste
 f - 5 potions of magic
 g - a potion of berserk rage
 o - 7 potions of flight
 p - 2 potions of ambrosia {unknown}
 r - a potion of lignification {unknown}
 t - a potion of mutation {unknown}
 x - 3 potions of resistance {unknown}
 z - a potion of degeneration {unknown}
 B - a potion of might {unknown}


   Skills:
 + Level 19.3 Fighting
 + Level 22.7 Axes
 + Level 15.4 Armour
 + Level 9.9 Dodging
 + Level 0.9 Stealth


You had 10 spell levels left.
You didn't know any spells.
Your spell library was empty.

Dungeon Overview and Level Annotations

Branches:
Dungeon (1/1)

Altars:
Cheibriados
Dithmenos
Elyvilon
Hepliaklqana
Kikubaaqudgha
Makhleb
Qazlal
Ru
Sif Muna
Trog
Uskayaw
Vehumet
Wu Jian
Xom
Yredelemnul
Zin
The Shining One
Beogh
Jiyva
Lugonu

Shops:
D *[:!:=!(!*:?:[[[*?[[(=[==:!

Annotations:
D exclusion: oklob plant, Roxanne


Innate Abilities, Weirdness & Mutations

You have a pair of horns on your head.
You reflexively headbutt those who attack you in melee.
You occasionally shout uncontrollably at your foes.


Message History

The deep elf high priest is severely wounded.
You slash the deep elf high priest!
The deep elf high priest is almost dead.
The deep elf high priest utters a dark prayer and points at you.
Your life force is offered up.
* * * LOW HITPOINT WARNING * * *
The deep elf high priest is healed.
You hit the deep elf high priest but do no damage.
The deep elf high priest is severely wounded.
You closely miss the deep elf high priest.
You headbutt the deep elf high priest!
You kill the deep elf high priest!
Trog accepts your kill.
A frost giant comes into view.
It is wielding a +0 battleaxe of freezing.
The frost giant shouts!
There is an open door, spattered with blood here.
Things that are here:
a +0 short sword; a +0 scale mail You carve the frost giant like a ham!!!
The frost giant's magic leaks into the air.
The frost giant is heavily wounded.
You barely miss the frost giant.
The frost giant is heavily wounded.
The frost giant hits you but does no damage.
You barely miss the frost giant. You headbutt the frost giant!
The frost giant is heavily wounded.
You are no longer berserk.
You are exhausted.
You feel yourself slow down.
The frost giant hits you with a +0 battleaxe of freezing.
* * * LOW HITPOINT WARNING * * *
The frost giant freezes you.
* * * LOW HITPOINT WARNING * * *
A bone dragon comes into view.
You slash the frost giant!
The frost giant's magic leaks into the air.
The frost giant is severely wounded.
The frost giant points at you and mumbles some strange words.
The bolt of cold hits you!!!
You feel a terrible chill!
You die...

########### #......@)(#
#.....†#CD####
#'######'##..####+####
#∩∩∩∩∩∩#..'.##≈§§≈..≈##
#∩∩∩∩∩∩#.D###§§§§.§≈..##
#########..+≈§§§≈8≈§≈≈.#
#...####§≈≈≈§≈...
D2D......≈##§§§≈.≈
############≈≈#'§'#+++##


You could see a bone dragon, a golden dragon and a frost giant (magic
disrupted).

Vanquished Creatures
  A kraken (D)
  A storm dragon (D)
  Kirke (D)
  A cacodemon (D)
  A fire dragon (D)
  A yaktaur captain (D)
  A deep elf high priest (D)
  2 boulder beetles (D)
  A centaur warrior (D)
  A skeletal warrior (D)
  3 shining eyes (D)
  An elephant (D)
  A merfolk siren (D)
  A yaktaur (D)
  A kobold demonologist (D)
  5 polar bears (D)
  A hornet (D)
  Menkaure (D)
  7 water moccasins (D)
  5 necrophages (D)
  4 scorpions (D)
  An iron imp (D)
  A hell rat (D)
  9 tentacles (D)
52 creatures vanquished.

Vanquished Creatures (others)
  14 tentacles (D)
14 creatures vanquished.

Grand Total: 66 creatures vanquished

Notes
Turn   | Place    | Note
-------+----------+-------------------------------------------
     0 | D        | boopmooplesden the Minotaur Berserker began the quest for
                  | the Orb.
     0 | D        | Reached XP level 1. HP: 19/19 MP: 0/0
     1 | D        | Noticed a boulder beetle
     1 | D        | Noticed a boulder beetle
     4 | D        | Noticed a necrophage
     4 | D        | Noticed a necrophage
     4 | D        | Noticed a necrophage
     4 | D        | Noticed a necrophage
    13 | D        | Killed a necrophage
    14 | D        | Reached skill level 7 in Axes
    14 | D        | Reached XP level 2. HP: 34/34 MP: 1/1
    14 | D        | Reached XP level 3. HP: 39/39 MP: 2/2
    14 | D        | Reached XP level 4. HP: 47/47 MP: 3/3
    16 | D        | Killed a necrophage
    17 | D        | Reached skill level 9 in Axes
    17 | D        | Reached XP level 5. HP: 47/56 MP: 4/4
    17 | D        | Killed a necrophage
    17 | D        | Reached ** piety under Trog
    18 | D        | Reached skill level 10 in Axes
    18 | D        | Reached skill level 5 in Dodging
    24 | D        | Killed a necrophage
    25 | D        | Reached skill level 10 in Fighting
    25 | D        | Reached skill level 5 in Armour
    25 | D        | Reached XP level 6. HP: 34/67 MP: 5/5
   182 | D        | Reached skill level 11 in Axes
   194 | D        | Reached *** piety under Trog
   195 | D        | Reached skill level 12 in Axes
   198 | D        | Reached XP level 7. HP: 27/75 MP: 6/6
   417 | D        | Noticed a merfolk siren
   430 | D        | Killed a merfolk siren
   431 | D        | Reached skill level 13 in Axes
   435 | D        | Found Ofrior's Armour Emporium.
   435 | D        | Found Qynkegg's Distillery.
   435 | D        | Found Fosyboal's Jewellery Shoppe.
   435 | D        | Found Ibesioma's Book Shoppe.
   435 | D        | Found Fiblystre's Antique Weapon Emporium.
   436 | D        | Found Hyfrauben's General Store.
   436 | D        | Found Irrec's Antique Armour Emporium.
   436 | D        | Found Hustet's Antique Armour Shoppe.
   437 | D        | Found Giwiluq's Magic Scroll Emporium.
   437 | D        | Found Dool's Book Shoppe.
   437 | D        | Found Viw Nask's Assorted Antiques.
   438 | D        | Found Ojifaib's Magic Scroll Emporium.
   438 | D        | Noticed a yak
   438 | D        | Noticed a yak
   439 | D        | Noticed Menkaure
   454 | D        | Killed Menkaure
   454 | D        | Reached **** piety under Trog
   465 | D        | Reached XP level 8. HP: 63/86 MP: 7/7
   473 | D        | Found Foifilael's Distillery.
   473 | D        | Found Cyedaany's Jewellery Emporium.
   473 | D        | Noticed an oklob plant
   474 | D        | Found Miragael's Book Shoppe.
   482 | D        | Bought a glowing hand axe for 168 gold pieces
   484 | D        | Bought a crude chain mail for 180 gold pieces
   484 | D        | Identified the +6 chain mail "Gifroith" {+Inv Int+6} (You
                  | bought it in a shop in the Dungeon)
   502 | D        | Bought a pair of gloves for 108 gold pieces
   515 | D        | Reached skill level 14 in Axes
   528 | D        | Noticed a cane toad
   661 | D        | Noticed an ice statue
   671 | D        | Found a hazy altar of Hepliaklqana.
   671 | D        | Found a snail-covered altar of Cheibriados.
   672 | D        | Found a stormy altar of Qazlal.
   672 | D        | Found a viscous altar of Jiyva.
   672 | D        | Found a shadowy altar of Dithmenos.
   673 | D        | Found a sacrificial altar of Ru.
   673 | D        | Found an ancient bone altar of Kikubaaqudgha.
   673 | D        | Found a white marble altar of Elyvilon.
   674 | D        | Found an ornate altar of the Wu Jian Council.
   674 | D        | Found a shimmering blue altar of Sif Muna.
   674 | D        | Found a corrupted altar of Lugonu.
   675 | D        | Found a shimmering altar of Xom.
   675 | D        | Found a bloodstained altar of Trog.
   675 | D        | Found a burning altar of Makhleb.
   676 | D        | Found a glowing golden altar of the Shining One.
   676 | D        | Found a basalt altar of Yredelemnul.
   676 | D        | Found a hide-covered altar of Uskayaw.
   677 | D        | Found a glowing silver altar of Zin.
   678 | D        | Noticed a yaktaur
   678 | D        | Noticed a hornet
   678 | D        | Noticed a polar bear
   678 | D        | Noticed a polar bear
   683 | D        | Killed a polar bear
   684 | D        | Noticed a polar bear
   690 | D        | Killed a polar bear
   690 | D        | Reached ***** piety under Trog
   693 | D        | Killed a hornet
   694 | D        | Reached skill level 15 in Axes
   698 | D        | Killed a polar bear
   699 | D        | Killed a yaktaur
   700 | D        | Reached skill level 15 in Fighting
   700 | D        | Reached XP level 9. HP: 68/97 MP: 8/8
   870 | D        | Found a radiant altar of Vehumet.
   876 | D        | Noticed a kraken
   889 | D        | Reached skill level 16 in Axes
   895 | D        | Received a gift from Trog
  1253 | D        | Killed a kraken
  1254 | D        | Reached skill level 17 in Axes
  1254 | D        | Reached skill level 10 in Armour
  1278 | D        | Found the +3 hat of Pondering {ponderous, Will+ MP+10
                  | Int+5}
  1382 | D        | Identified a scroll of acquirement
  1382 | D        | Acquired 666 gold pieces
  1416 | D        | Killed a boulder beetle
  1417 | D        | Reached XP level 10. HP: 99/108 MP: 3/9
  1562 | D        | Killed a boulder beetle
  1563 | D        | Reached skill level 18 in Axes
  1588 | D        | Bought the ring of the Devouring Hero {Fire rN+ Will- rCorr
                  | Stlth+} for 444 gold pieces
  1592 | D        | Bought the ring "Hazxar" {rElec rF+ Dex-2 SInv Stlth+} for
                  | 543 gold pieces
  1710 | D        | Noticed Roxanne
  1713 | D        | Noticed Kirke
  1713 | D        | Noticed a yaktaur captain
  1726 | D        | Killed a yaktaur captain
  1735 | D        | Noticed a centaur warrior
  1738 | D        | Killed Kirke
  1738 | D        | Received a gift from Trog
  1739 | D        | Reached skill level 19 in Axes
  1743 | D        | Noticed a skeletal warrior
  1744 | D        | Killed a centaur warrior
  1753 | D        | Killed a skeletal warrior
  1754 | D        | Reached skill level 20 in Axes
  1772 | D        | Noticed an elephant
  1779 | D        | Killed an elephant
  1780 | D        | Reached XP level 11. HP: 55/118 MP: 3/10
  2026 | D        | Noticed a fire dragon
  2041 | D        | Killed a fire dragon
  2041 | D        | Reached ****** piety under Trog
  2216 | D        | Noticed a shining eye
  2216 | D        | Noticed a shining eye
  2216 | D        | Noticed a shining eye
  2225 | D        | Killed a shining eye
  2226 | D        | Reached skill level 21 in Axes
  2234 | D        | Received a gift from Trog
  2237 | D        | Killed a shining eye
  2238 | D        | Gained mutation: You occasionally shout uncontrollably at
                  | your foes. [a shining eye]
  2240 | D        | Killed a shining eye
  2277 | D        | Found Quntiuz's General Store.
  2277 | D        | Found Gyonn's Antique Armour Shop.
  2278 | D        | Found Otuagyse's Distillery.
  2278 | D        | Found Patoc's Weapon Shoppe.
  2278 | D        | Found Olaka Taa's Book Boutique.
  2278 | D        | Found Semuuhefuo's Armour Emporium.
  2278 | D        | Found Zafroj's Jewellery Shop.
  2278 | D        | Found Muur's Book Shoppe.
  2278 | D        | Found Vig Zoch's Distillery.
  2278 | D        | Found Leaq's Antique Armour Emporium.
  2278 | D        | Found Opsocwux's Armour Shop.
  2278 | D        | Found Sempom's Jewellery Shoppe.
  2305 | D        | Noticed a storm dragon
  2305 | D        | Noticed a cacodemon
  2305 | D        | Noticed a golden dragon
  2326 | D        | Noticed a deep elf high priest
  2329 | D        | Killed a cacodemon
  2330 | D        | Reached skill level 22 in Axes
  2330 | D        | Reached skill level 15 in Armour
  2339 | D        | Killed a storm dragon
  2343 | D        | Killed a deep elf high priest
  2344 | D        | Noticed a frost giant
  2347 | D        | Noticed a bone dragon
  2348 | D        | Killed from afar by a frost giant

Illustrated notes

Levels and vault maps discovered:
D:        the_violet_keep_of_menkaure [sprint2_stairs_cluster_1,
          sprint2_shoproom, sprint2_temple, sprint2_basic_supplies,
          sprint2_obstacle_2, sprint2_obstacle_7, sprint2_obstacle_6,
          sprint2_obstacle_1, sprint2_obstacle_4, sprint2_timed_cluster_1,
          sprint2_smallroom_cluster_1, sprint2_smallroom_final_cluster_1,
          sprint2_transparent_cluster_1, sprint2_second_timed_cluster_1,
          sprint2_sniper_area_1, sprint2_heavy_combat_area_1,
          sprint2_mutation_trap_area_1, sprint2_forest_area_1,
          sprint2_light_combat_area_1, sprint2_behind_water_1,
          sprint2_near_end_vault_1]

Skill      XL: |  1  2  3  4  5  6  7  8  9 10 11 |
---------------+----------------------------------+-----
Fighting       | 7 8 10 11 13 15 16 17 19 | 19.3
Axes           | 7 9 10 12 13 15 17 20 22 | 22.7
Armour         | 3 4 5 6 8 11 14 15 | 15.4
Dodging        | 3 4 5 6 7 8 9 |  9.9
Stealth        | |  0.9

Action                   |  1- 3 |  4- 6 |  7- 9 | 10-12 || total
-------------------------+-------+-------+-------+-------++-------
Melee: Hand axe          |     6 |    31 |    69 |       ||   106
       Headbutt          |     1 |     2 |    22 |    16 ||    41
       Executioner's axe |       |       |    36 |    94 ||   130
       Punch             |       |       |     1 |       ||     1
Invok: Berserk           |     1 |       |     4 |     3 ||     8
  Use: Scroll            |       |       |     7 |       ||     7
       Potion            |       |       |       |     1 ||     1
Armor: Chain mail        |       |       |    52 |    64 ||   116
Dodge: Dodged            |     4 |    12 |    48 |    43 ||   107
